 Dungeon Crawl Stone Soup version 0.31.0-2-g5a2aebc5c2 (webtiles) character file.

Game seed: 11716830853111606304

16163 stipulation the Brawler (level 12, -8/93 HPs)
             Began as a Ghoul Monk on Jan 20, 2024.
             Was a Priest of Wu Jian.
             Mangled by a yak (13 damage)
             ... on level 1 of the Lair of Beasts.
             The game lasted 00:09:44 (12372 turns).

stipulation the Brawler (Ghoul Monk)               Turns: 12372, Time: 00:09:44

Health: -8/93      AC: 12    Str: 23    XL:     12   Next: 34%
Magic:  12/12      EV:  9    Int:  9    God:    Wu Jian [***...]
Gold:   617        SH: 14    Dex: 11    Spells: 11/11 levels left

rFire   . .          .
                       - Unarmed
rCold   + + .        E - +0 kite shield
rNeg    + + +        z - +0 chain mail
rPois   ∞            I - +0 helmet
rElec   .            (no cloak)
rCorr   .            (no gloves)
SInv    .            t - +0 pair of boots
Will    +....        m - amulet of reflection Stlth
                     o - ring "Wutumneo" {Wiz rPois rC+ Will+ Str+3}
HPRegen 0.00/turn    (no ring)
MPRegen 0.13/turn

%: reflection, wizardry (x1)
@: exhausted, inhibited regen, slowed, very slow
A: claws 1, cold resistance 1, negative energy resistance 3, inhibited
regeneration, torment resistance 2, devour on kill
a: Renounce Religion, Wall Jump, Serpent's Lash


You were on level 1 of the Lair of Beasts.
You worshipped Wu Jian.
Wu Jian was most pleased with you.
You visited 3 branches of the dungeon, and saw 14 of its levels.

You collected 774 gold pieces.
You spent 157 gold pieces at shops.

Inventory:

Missiles
 r - 5 throwing nets
Armour
 c - an orb of light
 t - a +0 pair of boots (worn)
 z - a +0 chain mail (worn)
 E - a +0 kite shield (worn)
 F - a +1 pair of gloves of dexterity
 I - a +0 helmet (worn)
Jewellery
 m - an amulet of reflection (around neck)
 o - the ring "Wutumneo" (left claw) {Wiz rPois rC+ Will+ Str+3}
   (You acquired it on level 5 of the Dungeon)

   [ring of wizardry]

   Wiz:       It improves your spell success rate.
   Str+3:     It affects your strength (+3).
   rC+:       It protects you from cold.
   rPois:     It protects you from poison Will+: It increases your willpower.
 G - a ring of protection from cold
 M - a ring of fire
Wands
 v - a wand of iceblast (8) (quivered)
 x - a wand of light (8)
 J - a wand of paralysis (10)
Scrolls
 a - 3 scrolls of amnesia {unknown}
 d - a scroll of acquirement
 f - 2 scrolls of enchant weapon {unknown}
 h - a scroll of torment {unknown}
 i - 2 scrolls of teleportation {unknown}
 j - 5 scrolls of immolation
 k - 3 scrolls of enchant armour {unknown}
 l - 5 scrolls of poison
 q - a scroll of fear {unknown}
 s - a scroll of brand weapon {unknown}
 u - 4 scrolls of blinking {unknown}
 w - a scroll of noise {unknown}
 y - a scroll of fog {unknown}
 D - 6 scrolls of identify
 K - 2 scrolls of revelation {unknown}
Potions
 b - 2 potions of ambrosia
 e - 4 potions of lignification {unknown}
 g - 3 potions of curing
 n - 2 potions of degeneration {unknown}
 p - 2 potions of berserk rage {unknown}
 A - a potion of invisibility {unknown}
 B - 2 potions of enlightenment {unknown}
 C - 2 potions of haste {unknown}
 H - a potion of cancellation {unknown}
 L - a potion of might {unknown}


   Skills:
 - Level 4.9 Fighting
 - Level 5.9 Armour
 - Level 4.3 Dodging
 - Level 1.2 Stealth
 - Level 6.0 Shields
 + Level 18.1 Unarmed Combat


You had 11 spell levels left.
You didn't know any spells.
Your spell library contained the following spells:

 Spells                   Type           Power      Damage    Failure   Level
 Magic Dart               Conj           0%         1d3       85%         1
 Lesser Beckoning         Tloc           0%         N/A       92%         2
 Searing Ray              Conj           0%         2d4       92%         2
 Call Canine Familiar     Summ           0%         N/A       99%         3
 Fugue of the Fallen      Necr           0%         N/A       99%         3
 Gell's Gravitas          Tloc           0%         N/A       99%         3
 Ozocubu's Armour         Ice            0%         N/A       99%         3
 Sigil of Binding         Hex            0%         N/A       99%         3
 Summon Ice Beast         Ice/Summ       0%         N/A       99%         3
 Teleport Other           Tloc           0%         N/A       99%         3
 Dimensional Bullseye     Hex/Tloc       0%         N/A       100%        4
 Fulminant Prism          Conj/Alch      0%         3d5       100%        4
 Manifold Assault         Tloc           0%         N/A       100%        4
 Summon Mana Viper        Hex/Summ       0%         N/A       100%        5
 Sculpt Simulacrum        Ice/Alch       0%         N/A       100%        6
 Monstrous Menagerie      Summ           0%         N/A       100%        7
 Ozocubu's Refrigeration  Ice            0%         4d7       100%        7
 Polar Vortex             Ice            0%         N/A       100%        9


Dungeon Overview and Level Annotations

Branches:
Dungeon (11/15)            Temple (1/1) D:4            Lair (2/5) D:11
    Orc (0/2) D:9
  Swamp: Lair:2-3    Shoals: Lair:2-3     Snake: Lair:2-3    Spider: Lair:2-3

Altars:
Ashenzari
Cheibriados
Dithmenos
Fedhas
Gozag
Hepliaklqana
Kikubaaqudgha
Makhleb
Nemelex Xobeh
Okawaru
Qazlal
Ru
Sif Muna
Trog
Uskayaw
Vehumet
Wu Jian
Xom
Yredelemnul

Shops:
D:5 (   D:6 *   D:7 (   D:8 (:[   D:10 (


Innate Abilities, Weirdness & Mutations

You are immune to poison.
You have sharp fingernails.
Your flesh is cold resistant. (rC+)
You are immune to negative energy. (rN+++)
You do not regenerate when monsters are visible.
You are immune to unholy pain and torment.
You thrive by killing the living.


Message History

The boulder beetle curls into a ball and begins rolling!
The yak gores you but does no damage.
You spin and attack the yak.
You completely miss the yak.
The yak is heavily wounded.
You block the yak's attack. x2; The yak gores you but does no damage.
You block the yak's attack.
You spin and attack the yak.
You mangle the yak!!
The yak is heavily wounded.
You spin and attack the yak.
You claw the yak!
The yak is almost dead.
You block the yak's attack. x2
Your muscles tense, ready for explosive movement...
You spin and attack the yak, with incredible momentum.
You mangle the yak!!
You blow up the yak!
The Council accepts your kill.
The yak gores you but does no damage. x2
You mangle the yak!!
The yak is almost dead.
The boulder beetle hits you!!!
* * * LOW HITPOINT WARNING * * *
The boulder beetle stops rolling and uncurls.
The yak completely misses you.
You spin and attack the yak, with incredible momentum.
You mangle the yak!!
The yak is almost dead.
You spin and attack the yak, with incredible momentum.
You claw the yak!
The yak is severely wounded.
Your supernatural speed expires.
You lunge at the boulder beetle.
You scratch the boulder beetle but do no damage.
The boulder beetle is severely wounded.
You spin and attack the yak.
You barely miss the yak.
The yak is almost dead.
You spin and attack the yak.
You closely miss the yak.
The yak is severely wounded.
You block the boulder beetle's attack. You block the yak's attack.
The yak gores you!
You die...

.................###
.........#....####......#P#
............................
............................
.............................
..°°.........................
...........°.#P...##......#.#
..........YYB................
..........wY@...............~
........†..Y................~
...........Y................~
............................~
............................~
.............................
...........................#.
.............................
...........................#†


You could see a death yak, a boulder beetle, a torpor snail and 4 yaks.

Vanquished Creatures
  A hydra (D:9)
  Harold (Lair:1)
  A boulder beetle (D:11)
  3 two-headed ogres
  A death yak (Lair:2)
  A cyclops (D:11)
  2 black mambas
  2 gargoyles
  2 cane toads (Lair:2)
  A torpor snail (Lair:2)
  A komodo dragon (Lair:2)
  A polar bear (Lair:2)
  2 hornets
  2 dream sheep (D:9)
  A wraith (D:10)
  3 wyverns
  20 yaks
  Grum (D:8)
  4 water moccasins
  An ice beast (D:5)
  2 sky beasts
  2 orc warriors
  A black bear (D:6)
  6 wolves
  2 centaurs
  A phantom (D:5)
  5 kobold brigands
  4 bullfrogs
  A scorpion (D:7)
  5 gnoll sergeants
  3 wights
  8 killer bees
  An electric eel (Lair:1)
  2 bombardier beetles
  A centaur zombie (D:3)
  4 hounds
  2 jellies (D:6)
  7 orc priests
  3 gnoll boudas
  A sleepcap (D:5)
  An iguana (D:6)
  12 orc wizards
  42 gnolls
  15 adders
  A shadow imp (D:6)
  2 white imps
  2 ufetubi (D:6)
  An adder zombie (D:3)
  4 dart slugs
  2 ribbon worms
  41 orcs
  5 ball pythons
  2 bats
  8 endoplasms
  4 giant cockroaches
  9 goblins
  4 hobgoblins (D:1)
  18 jackals
  20 kobolds
  3 quokkas
  A ball python zombie (D:3)
  3 frilled lizards
  4 rats
316 creatures vanquished.

Notes
Turn   | Place    | Note
-------+----------+-------------------------------------------
     0 | D:1      | stipulation the Ghoul Monk began the quest for the Orb.
     0 | D:1      | Reached XP level 1. HP: 19/19 MP: 1/1
    23 | D:1      | Reached XP level 2. HP: 13/26 MP: 2/2
   316 | D:1      | Reached XP level 3. HP: 33/33 MP: 3/3
   575 | D:1      | Reached skill level 4 in Unarmed Combat
   994 | D:2      | Reached XP level 4. HP: 39/40 MP: 4/4
  1225 | D:2      | Reached skill level 5 in Unarmed Combat
  1609 | D:2      | Reached XP level 5. HP: 35/46 MP: 5/5
  1613 | D:2      | Reached skill level 1 in Armour
  2149 | D:3      | Found a basalt altar of Yredelemnul.
  2676 | D:4      | Found a staircase to the Ecumenical Temple.
  2831 | D:4      | Found a broken altar of Ashenzari.
  2836 | D:4      | Found a shimmering blue altar of Sif Muna.
  2979 | D:4      | Reached XP level 6. HP: 24/52 MP: 6/6
  3211 | D:5      | Entered Level 5 of the Dungeon
  3386 | Temple   | Entered the Ecumenical Temple
  3548 | D:5      | Reached skill level 6 in Unarmed Combat
  3855 | D:5      | Reached XP level 7. HP: 59/59 MP: 7/7
  4203 | D:5      | Found Roalad's Weapon Shop.
  4264 | D:5      | Reached skill level 7 in Unarmed Combat
  4504 | D:5      | Identified 2 scrolls of acquirement
  4508 | D:5      | Acquired the ring "Wutumneo" {Wiz rPois rC+ Will+ Str+3}
  4522 | D:6      | Found a hide-covered altar of Uskayaw.
  4522 | D:6      | Found a shadowy altar of Dithmenos.
  4522 | D:6      | Found a burning altar of Makhleb.
  4569 | D:6      | Reached XP level 8. HP: 66/67 MP: 8/8
  4589 | D:6      | Found Zin's Purification Station.
  4754 | D:6      | Reached skill level 8 in Unarmed Combat
  5562 | D:7      | Found Acaitton's Antique Weapon Emporium.
  5581 | D:7      | Reached skill level 5 in Armour
  5678 | D:7      | Noticed a wyvern
  5691 | D:7      | Killed a wyvern
  5692 | D:7      | Reached skill level 9 in Unarmed Combat
  5991 | D:7      | Reached XP level 9. HP: 64/73 MP: 9/9
  6074 | D:7      | Reached skill level 1 in Stealth
  6108 | D:7      | Found an ancient bone altar of Kikubaaqudgha.
  6563 | D:8      | Found Ygichourch's Book Shop.
  6567 | D:8      | Reached skill level 10 in Unarmed Combat
  6618 | D:8      | Noticed Grum
  6628 | D:8      | Killed Grum
  6629 | D:8      | Reached skill level 1 in Shields
  6647 | D:8      | Found Zuagry's Antique Armour Boutique.
  6849 | D:8      | Bought a pair of runed gloves for 157 gold pieces
  6908 | D:8      | Reached skill level 11 in Unarmed Combat
  7360 | D:8      | Reached XP level 10. HP: 61/80 MP: 10/10
  7687 | D:8      | Reached skill level 12 in Unarmed Combat
  7787 | D:8      | Found an ornate altar of the Wu Jian Council.
  7839 | D:8      | Found Vuesowk's Weapon Emporium.
  7868 | D:9      | Noticed a two-headed ogre
  7929 | D:9      | Noticed a two-headed ogre
  7935 | D:9      | Killed a two-headed ogre
  8374 | D:9      | Found a staircase to the Orcish Mines.
  8421 | D:9      | Reached skill level 13 in Unarmed Combat
  8790 | D:9      | Killed a two-headed ogre
  8795 | D:9      | Reached skill level 14 in Unarmed Combat
  9087 | D:9      | Noticed a three-headed hydra
  9093 | D:9      | Killed a three-headed hydra
  9094 | D:9      | Reached XP level 11. HP: 82/85 MP: 11/11
  9258 | D:8      | Became a worshipper of the Wu Jian Council
  9258 | D:8      | Reached * piety under Wu Jian
  9258 | D:8      | Reached ** piety under Wu Jian
  9326 | D:10     | Entered Level 10 of the Dungeon
  9400 | D:10     | Reached skill level 15 in Unarmed Combat
  9519 | D:10     | Reached skill level 5 in Shields
  9744 | D:10     | Found Dusudiruza's Weapon Shoppe.
 10122 | D:11     | Noticed a two-headed ogre
 10130 | D:11     | Killed a two-headed ogre
 10131 | D:11     | Reached skill level 16 in Unarmed Combat
 10178 | D:11     | Noticed a cyclops
 10185 | D:11     | Killed a cyclops
 10270 | D:11     | Reached *** piety under Wu Jian
 10433 | D:11     | Noticed a boulder beetle
 10448 | D:11     | Killed a boulder beetle
 10665 | D:11     | Found a staircase to the Lair.
 10788 | Lair:1   | Entered Level 1 of the Lair of Beasts
 10798 | Lair:1   | Noticed Harold
 10817 | Lair:1   | Killed Harold
 10847 | Lair:1   | Noticed a boulder beetle
 10901 | Lair:2   | Reached skill level 17 in Unarmed Combat
 10901 | Lair:2   | Reached XP level 12. HP: 33/93 MP: 12/12
 11091 | Lair:2   | Noticed a death yak
 11098 | Lair:2   | Killed a death yak
 12199 | Lair:1   | Reached skill level 18 in Unarmed Combat
 12228 | Lair:1   | You fall into a shaft and drop 1 floor!
 12355 | Lair:1   | Noticed a death yak
 12372 | Lair:1   | Mangled by a yak

Illustrated notes

Levels and vault maps discovered:
D:1:      ldierk_walled_garden_2, layout_basic, fountainhead, nrook_campfire
D:2:      layout_loops_ring, dreamdust_princess_corridor
D:3:      layout_loops_ring, nicolae_yredelemnul_corpse_copse,
          chequers_serial_rivers_small_b, serial_bayou_lagoon_b
D:4:      layout_rooms, minitemple, minmay_temple_entry_waves
D:5:      layout_basic, serial_shops, shop, nicolae_half_adder
D:6:      layout_basic, chequers_temple_overflow_statue_of_worship, zin_purify,
          minmay_misc_feat_chi
D:7:      layout_basic, kiku_gazebo_garden_becter, serial_shops,
          nicolae_stop_n_shop_2
D:8:      layout_cave_pools, nicolae_wu_jian_immortal_techniques,
          serial_gnoll_camp, gnoll_camp_huts_basic, gnoll_camp_medium_02,
          gnoll_camp_mini_shop, gnoll_camp_mini_shop, gnoll_camp_mini_shop,
          uniq_grum
D:9:      layout_rooms, hiddenorc1_lemuel, hangedman_ranch
D:10:     layout_big_octagon, serial_shops, nicolae_shop_waterfront
D:11:     layout_long_grid, lair_entry_dummy
Temple:   chequers_temple_sunken
Lair:1:   layout_gridlike, uniq_harold
Lair:2:   layout_regular_city, small_statue_intersection,
          grunt_forest_small_clearing_treed, grunt_megastairs_5

Skill      XL: |  1  2  3  4  5  6  7  8  9 10 11 12 |
---------------+-------------------------------------+-----
Dodging        | 3 4 |  4.3
Unarmed Combat | 4 5 6 7 9 11 14 17 18 | 18.1
Armour         | 2 3 5 |  5.9
Fighting       | 4 |  4.9
Stealth        | 1 |  1.2
Shields        | 2 4 6 |  6.0

Action                     |  1- 3 |  4- 6 |  7- 9 | 10-12 || total
---------------------------+-------+-------+-------+-------++-------
  Melee: Unarmed           |    73 |   197 |   321 |   451 ||  1042
 Invoke: Serpent's Lash    |       |       |       |     3 ||     3
Ability: Lunge             |       |       |       |    18 ||    18
         Whirlwind         |       |       |       |    36 ||    36
    Use: Scroll            |       |       |     5 |     1 ||     6
         Potion            |       |       |       |     2 ||     2
 Armour: Robe              |    29 |       |       |       ||    29
         Ring mail         |     8 |   145 |    13 |       ||   166
         Chain mail        |       |       |   249 |   286 ||   535
  Dodge: Dodged            |    42 |   131 |   144 |   195 ||   512
  Block: Kite shield       |       |       |       |   114 ||   114
         Reflection        |       |       |       |     1 ||     1
